 Seeded DCSS version 0.30.1-9-gdf580d7c3d (webtiles) character file.

Game seed: 6351066067085065685 (custom seed)

250469 Esekla the Sorcerer (level 18, -3/109 (111) HPs)
             Began as a Deep Elf Wanderer on Oct 10, 2023.
             Was the Champion of Vehumet.
             Killed from afar by an ironbound thunderhulk (15 damage)
             ... with a bolt of lightning
             ... on level 2 of the Vaults on Oct 12, 2023.
             The game lasted 05:42:12 (34655 turns).

Esekla the Sorcerer (Deep Elf Wanderer)            Turns: 34655, Time: 05:42:13

HP:   -3/109 (111)  AC: 29    Str:  8 (9)  XL:     18   Next: 91%
MP:   49/49         EV: 13    Int: 33      God:    Vehumet [******]
Gold: 587           SH:  4    Dex: 10 (11) Spells: 7/68 levels left

rFire   + . .        f - +4 scimitar (flame)
rCold   . . .        R - +0 buckler
rNeg    + . .        m - +1 ring mail "Uronn" {rF+ Regen+ Int+3}
rPois   +            C - +2 helmet {Int+3}
rElec   +            c - +1 cloak {Stlth+}
rCorr   .            k - +0 pair of gloves
SInv    .            G - +2 pair of boots {rampage}
Will    +....        z - amulet of magic regeneration
Stlth   +            U - ring of Greed {rElec rPois rN+ AC+4 Str-2}
HPRegen 1.18/turn    Q - ring of the Mage {Wiz Archmagi}
MPRegen 0.71/turn

%: rampage, wizardry (x1), archmagi
@: on fire, ice-armoured, freezing walls, very slightly contaminated, glowing,
lightly drained
A: no striking features
}: 2/15 runes: barnacled, gossamer
a: Renounce Religion


You were on level 2 of the Vaults.
You worshipped Vehumet.
Vehumet was exalted by your worship.
You visited 7 branches of the dungeon, and saw 31 of its levels.
You visited 1 bazaar.
You also visited: Bailey.

You collected 4373 gold pieces.
You spent 3786 gold pieces at shops.

Inventory:

Hand Weapons
 a - a +4 long sword of protection
 e - a +2 demon blade of electrocution
 f - a +4 scimitar of flaming (weapon)
 r - a +4 trident of venom
 s - the +8 Vampire's Tooth {megavamp}
   (You bought it in a shop in a bazaar)
Missiles
 l - 28 boomerangs
 t - 89 poisoned darts
 H - 6 curare-tipped darts
 W - 9 silver javelins (quivered)
Armour
 b - a +2 robe of cold resistance
 c - a +1 cloak of stealth (worn)
 k - a +0 pair of gloves (worn)
 m - the +1 ring mail "Uronn" (worn) {rF+ Regen+ Int+3}
   (You found it on level 4 of the Shoals)

   Int:       It affects your intelligence (+3).
   rF:        It protects you from fire.
   Regen:     It increases your rate of health regeneration.
 C - a +2 helmet of intelligence (worn)
 G - a +2 pair of boots of rampaging (worn)
 P - the +0 mask of the Dragon {Will+ Slay+3 SInv}
   (You bought it in a shop in a bazaar)

   Slay:      It affects your accuracy & damage with ranged weapons and melee
   (+3).
   SInv:      It lets you see invisible.
   Will:      It increases your willpower.
 R - a +0 buckler (worn)
 Z - the +1 animal skin "Kougi" {rPois rF++ MP+9}
   (You found it on level 2 of the Shoals)

   rF:        It greatly protects you from fire.
   rPois:     It protects you from poison.
   MP:        It affects your magic capacity (+9).
Magical Staves
 d - a staff of death
Jewellery
 z - an amulet of magic regeneration (around neck)
 M - the ring "Pileq" {Ice Str+4 Dex+3 Slay+2}
   (You found it on level 4 of the Shoals)

   [ring of ice]

   It enhances your ice magic.
   Str:       It affects your strength (+4).
   Dex:       It affects your dexterity (+3).
   Slay:      It affects your accuracy & damage with ranged weapons and melee
   (+2).
   rF:        It makes you vulnerable to fire.
   rC:        It protects you from cold.
 O - a ring of see invisible
 Q - the ring of the Mage (right hand) {Wiz Archmagi}
   (You bought it in a shop on level 2 of the Dungeon)

   [ring of wizardry]

   It improves your spell success rate.
   Archmagi:  It increases the power of your magical spells.
 U - the ring of Greed (left hand) {rElec rPois rN+ AC+4 Str-2}
   (You bought it in a shop on level 2 of the Dungeon)

   [ring of protection]

   AC:        It affects your AC (+4).
   Str:       It affects your strength (-2).
   rElec:     It insulates you from electricity.
   rPois:     It protects you from poison.
   rN:        It protects you from negative energy.
Wands
 i - a wand of roots (43)
 p - a wand of quicksilver (9)
 A - a wand of flame (34)
 F - a wand of mindburst (8)
 T - a wand of digging (7)
Scrolls
 n - 5 scrolls of enchant weapon
 q - 5 scrolls of fog
 v - a scroll of amnesia
 w - 3 scrolls of blinking
 x - 2 scrolls of silence
 y - 2 scrolls of magic mapping
 B - 5 scrolls of fear
 J - 3 scrolls of poison
 K - 13 scrolls of teleportation
 Y - 4 scrolls of identify
Potions
 g - 7 potions of attraction
 h - 6 potions of heal wounds
 j - 6 potions of curing
 o - 3 potions of might
 u - 5 potions of brilliance
 D - 4 potions of flight
 E - 10 potions of haste
 L - 3 potions of resistance
 N - 3 potions of cancellation
 S - 4 potions of magic
 V - 6 potions of lignification
 X - 7 potions of ambrosia
Miscellaneous
 I - a lightning rod (4/4)


   Skills:
 + Level 11.7 Fighting
 + Level 3.9(4.4) Short Blades
 + Level 2.7(3.6) Long Blades
 + Level 2.5 Throwing
 * Level 4.5 Armour
 * Level 14.3 Dodging
 + Level 4.1 Stealth
 - Level 3.2 Shields
 * Level 25.9 Spellcasting
 + Level 9.3 Conjurations
 + Level 5.3 Hexes
 + Level 10.7 Necromancy
 + Level 6.0 Translocations
 + Level 7.4 Transmutations
 + Level 7.5 Fire Magic
 + Level 6.0 Ice Magic
 * Level 9.0 Air Magic
 * Level 9.6 Earth Magic
 - Level 8.0 Poison Magic
 + Level 1.1 Invocations


You had 7 spell levels left.
You knew the following spells:

 Your Spells              Type           Power      Damage    Failure   Level
a - Ozocubu's Armour      Ice            90%        N/A       1%          3
b - Blink                 Tloc           100%       N/A       1%          2
c - Mephitic Cloud        Conj/Pois/Air  100%       N/A       1%          3
d - Vampiric Draining     Necr           100%       2d13      1%          3
e - Searing Ray           Conj           100%       2d8       1%          2
f - Fireball              Conj/Fire      49%        3d19      1%          5
g - Magic Dart            Conj           100%       1d8       1%          1
i - Irradiate             Conj/Tmut      49%        3d28      1%          5
k - Airstrike             Air            50%        2d(8-24)  1%          4
l - Lee's Rapid Deconstr  Erth           51%        3d24*     1%          5
n - Ignite Poison         Fire/Tmut/Pois 96%        N/A       1%          3
p - Apportation           Tloc           100%       N/A       1%          1
r - Frozen Ramparts       Ice            100%       1d16      1%          3
u - Dispel Undead         Necr           100%       3d31      1%          4
v - Poisonous Vapours     Pois/Air       100%       N/A       1%          2
w - Wereblood             Tmut           95%        N/A       1%          2
x - Olgreb's Toxic Radia  Pois           97%        N/A       1%          4
y - Sticky Flame          Conj/Fire      99%        2d11      1%          4
z - Freezing Cloud        Conj/Ice/Air   49%        6-21      1%          5

Your spell library contained the following spells:

 Spells                   Type           Power      Damage    Failure   Level
 Shatter                  Erth           51%        3d39*     97%         9
 Polar Vortex             Ice            45%        N/A       100%        9
 Foxfire                  Conj/Fire      100%       2x1d9     1%          1
 Necrotise                Necr           100%       1d9       1%          1
 Sandblast                Erth           100%       2d20      1%          1
 Shock                    Conj/Air       100%       1d9       1%          1
 Slow                     Hex            100%       N/A       1%          1
 Cigotuvi's Dreadful Rot  Necr/Pois/Air  100%       N/A       1%          2
 Lesser Beckoning         Tloc           100%       N/A       1%          2
 Passwall                 Tmut/Erth      82%        N/A       1%          2
 Sublimation of Blood     Necr           100%       N/A       1%          2
 Gell's Gravitas          Tloc           89%        N/A       1%          3
 Hailstorm                Conj/Ice       96%        3d19      1%          3
 Inner Flame              Hex/Fire       91%        N/A       1%          3
 Portal Projectile        Hex/Tloc       100%       N/A       1%          3
 Spider Form              Tmut/Pois      96%        N/A       1%          3
 Stone Arrow              Conj/Erth      100%       3d13      1%          3
 Swiftness                Air            100%       N/A       1%          3
 Teleport Other           Tloc           89%        N/A       1%          3
 Tukima's Dance           Hex            86%        N/A       1%          3
 Vhi's Electric Charge    Tloc/Air       100%       N/A       1%          3
 Anguish                  Hex/Necr       48%        N/A       1%          4
 Cause Fear               Hex            43%        N/A       1%          4
 Fulminant Prism          Conj/Hex       47%        3d21      1%          4
 Ice Form                 Ice/Tmut       92%        N/A       1%          4
 Iskenderun's Mystic Bla  Conj/Tloc      96%        2d19      1%          4
 Manifold Assault         Tloc           89%        N/A       1%          4
 Passage of Golubria      Tloc           89%        N/A       1%          4
 Agony                    Necr           100%       N/A       1%          5
 Arcjolt                  Conj/Air       50%        1d60      1%          5
 Iskenderun's Battlesphe  Conj           100%       2d15      1%          5
 Silence                  Hex/Air        47%        N/A       1%          5
 Yara's Violent Unravell  Hex/Tmut       45%        3d18      1%          5
 Death Channel            Necr           53%        N/A       1%          6
 Plasma Beam              Fire/Air       49%        2x1d69    1%          6
 Starburst                Conj/Fire      49%        6d14      1%          6
 Summon Ice Beast         Ice/Summ       76%        N/A       2%          4
 Metabolic Englaciation   Hex/Ice        44%        N/A       2%          5
 Simulacrum               Ice/Necr       49%        N/A       4%          6
 Orb of Destruction       Conj           51%        9d13      5%          7
 Summon Mana Viper        Hex/Summ       74%        N/A       9%          5
 Dispersal                Tloc           44%        N/A       12%         6
 Enfeeble                 Hex            43%        N/A       65%         7
 Summon Hydra             Summ           29%        N/A       100%        7
 Lehudib's Crystal Spear  Conj/Erth      51%        10d12     30%         8
 Maxwell's Capacitive Co  Air            50%        ∞         34%         8
 Ignition                 Fire           47%        3d13      52%         8
 Chain Lightning          Conj/Air       50%        3d67      98%         9
 Disjunction              Tloc           44%        N/A       99%         8
 Fire Storm               Conj/Fire      49%        8d13      99%         9


Dungeon Overview and Level Annotations

Branches:
Dungeon (13/15)            Temple (0/1) D:6            Lair (5/5) D:11
 Shoals (4/4) Lair:2       Spider (4/4) Lair:3        Slime (0/5) Lair:5
    Orc (2/2) D:10            Elf (1/3) Orc:2        Vaults (2/5) D:13
  Crypt (0/3) Vaults:2     Bailey (visited)

Altars:
Dithmenos
Fedhas
Hepliaklqana
Nemelex Xobeh
Okawaru
Qazlal
Ru
Trog
Uskayaw
Vehumet
Zin
The Shining One
Jiyva

Shops:
D:2 =   D:4 (   D:11 *   Orc:2 **[:   Shoals:2 (   Shoals:3 !   Vaults:1 [

Portals:
Pandemonium: Orc:2
Trove: D:12 (lose all piety)


Message History

You erupt in a fountain of uncontrolled magic!
The ironbound thunderhulk is blasted with magical radiation!!!
You kill the ironbound thunderhulk!
Vehumet accepts your kill.
You feel your power returning.
The red very ugly thing is blasted with magical radiation!!
The red very ugly thing is severely wounded.
The eidolon is blasted with magical radiation!!!
The eidolon is severely damaged.
You are very lightly contaminated with residual magic.
The ice encasing you melts away.
The wall freezes the eidolon but does no damage.
The eidolon completely misses you. The eidolon hits you.
* * * LOW HITPOINT WARNING * * *
You feel clumsy.
Electricity crackles from the ironbound thunderhulk's apparatus.
The bolt of lightning hits you! You resist.
* * * LOW HITPOINT WARNING * * *
The red very ugly thing is engulfed in freezing vapours.
The wall freezes the red very ugly thing.
The red very ugly thing engulfs you.
* * * LOW HITPOINT WARNING * * *
You are covered in liquid flames.
You are covered in liquid flames!
The purple ugly thing is engulfed in freezing vapours.
You kill the purple ugly thing!
Vehumet accepts your kill.
You feel much better.
You are covered in liquid flames!
* * * LOW HITPOINT WARNING * * *
The red very ugly thing looks even sicker.
The ironbound thunderhulk looks even sicker.
Your toxic aura wanes.
The eidolon resists.
The wall freezes the eidolon!
The eidolon stares piercingly at you. The bolt of negative energy hits you!
You partially resist.
You feel drained.
* * * LOW HITPOINT WARNING * * *
Electricity crackles from the ironbound thunderhulk's apparatus.
The bolt of lightning hits you! You resist.
You die...

....[.'....#.#....#
......#[..##.##...#
.)....')[...>.....#
......#!..##.##...#
++#####[[..#.#....#
..# #)#.......#.#
..#####.##.....##.#
......#...........#
....#..#########@##
.##.##.#
#...O§§uW..#
.#...#.#
.....p§§....#
...∩?..#
..#..§§§.#..#
##[.!#.#
........)..#
##.##.#
....#..#....#
#....# ......[ ...
# ###### .....:(
....


You could see a red very ugly thing (very poisoned), an ironbound thunderhulk
(very poisoned), an eidolon and a vault sentinel (poisoned, catching breath).

Vanquished Creatures
  Mara (Spider:4)
  Rupert (Lair:4)
  3 sphinxes (Shoals:4)
  2 krakens
  Ilsuiw (Shoals:3)
  9 emperor scorpions
  A deep elf sorcerer (Elf:1)
  4 ghost moths
  A vault warden (Vaults:2)
  3 orc warlords
  3 very ugly things (Vaults:1)
  4 ironbound thunderhulks
  5 ironbound preservers
  A broodmother (Spider:2)
  A war gargoyle (Vaults:2)
  A vampire knight (Vaults:2)
  A deep elf demonologist (Elf:1)
  Azrael (Orc:2)
  2 dire elephants
  2 deep elf annihilators (Elf:1)
  A minotaur (Shoals:4)
  2 spark wasps
  An eidolon (Vaults:2)
  A deep elf death mage (Elf:1)
  3 merfolk javelineers (Shoals:3)
  4 merfolk impalers
  4 fire dragons
  4 entropy weavers
  2 great orbs of eyes
  A yaktaur captain (Vaults:1)
  A deep elf high priest (Elf:1)
  Harold (D:9)
  4 vault guards (D:13)
  4 ironbound frosthearts
  A demonspawn (Orc:2)
  4 merfolk aquamancers
  3 hydras
  3 radroaches
  15 satyrs
  4 centaur warriors
  A catoblepas (Lair:5)
  3 jorogumos
  An alligator snapping turtle (Shoals:3)
  4 dancing weapons (Elf:1)
  4 merfolk avatars
  3 boulder beetles
  An anaconda (shapeshifter) (Elf:1)
  4 two-headed ogres
  A vampire mage (Vaults:2)
  3 orc high priests (Orc:2)
  2 pharaoh ants
  A skeletal warrior (D:13)
  A sun moth (Spider:1)
  Lodul (D:11)
  12 sea snakes
  4 skysharks
  10 orb spiders
  A deep elf archer (Elf:1)
  Pikel (D:6)
  A swamp dragon (Lair:5)
  10 deep trolls (Vaults:1)
  4 ironbound convokers
  3 wizards (Vaults:2)
  3 steelbarb worms
  4 lindwurms
  An oklob plant (Lair:5)
  29 harpies
  7 deep elf zephyrmancers (Elf:1)
  9 deep elf pyromancers
  10 ugly things
  8 wolf spiders
  11 orc knights
  9 cyclopes
  10 orc sorcerers
  9 elephants (Lair:5)
  3 moths of wrath
  Joseph (D:7)
  24 manticores
  24 fauns
  6 merfolk sirens
  2 black mambas
  A black mamba (shapeshifter) (D:13)
  7 water nymphs
  7 torpor snails
  A smoke demon (Orc:2)
  5 vault sentinels
  A gargoyle (D:11)
  3 demonic crawlers
  11 cane toads
  Psyche (D:11)
  3 rime drakes
  16 komodo dragons
  An unseen horror (D:13)
  A freezing wraith (Vaults:2)
  3 kobold demonologists
  6 yaktaurs (Vaults:1)
  A tengu conjurer (D:13)
  28 merfolk
  A red devil (Orc:2)
  A polar bear (D:11)
  7 trolls
  3 tyrant leeches (Lair:5)
  9 tarantellas
  12 hornets
  3 wind drakes
  5 blink frogs (Lair:1)
  10 slime creatures
  11 jumping spiders
  8 snapping turtles
  12 spriggans (Lair:3)
  An air elemental (Elf:1)
  4 centaur simulacra (D:11)
  2 vampires
  7 culicivoras
  5 water elementals
  2 wraiths
  5 basilisks
  33 yaks
  A chaos spawn (Orc:2)
  3 fire elementals (Orc:2)
  3 steam dragons
  5 wyverns
  A vampire mosquito (D:13)
  29 redbacks
  Menkaure (D:7)
  3 wargs
  3 acid dragons
  6 ice beasts
  4 hell hounds (Orc:2)
  14 water moccasins
  2 swamp drakes (Lair:5)
  A sky beast (D:6)
  43 orc warriors
  2 black bears
  18 ogres
  2 centaurs
  3 boggarts (Lair:3)
  12 wolves
  A phantom (D:7)
  Blork the orc (D:6)
  6 kobold brigands
  An earth elemental (Elf:1)
  4 gnoll sergeants
  10 bullfrogs
  3 scorpions
  10 wights
  21 killer bees
  2 howler monkeys (D:10)
  An electric eel (D:11)
  2 quasits (D:8)
  6 hounds
  A jelly (D:6)
  Crazy Yiuf (D:7)
  32 orc priests
  3 gnoll boudas
  14 orc wizards
  A sleepcap (D:5)
  7 iguanas
  12 hell rats
  34 gnolls
  9 adders
  3 shadow imps (D:8)
  9 white imps
  4 ufetubi
  A worm (D:3)
  3 dart slugs
  95 orcs
  6 ball pythons
  4 endoplasms
  9 goblins
  7 hobgoblins
  A quokka (D:1)
  3 training dummies (Shoals:2)
  4 bats
  4 frilled lizards
  24 kobolds
  A rat (D:2)
  2 tentacles (Shoals:4)
1111 creatures vanquished.

Vanquished Creatures (others)
  11 fulminant prisms
  6 tentacles
17 creatures vanquished.

Grand Total: 1128 creatures vanquished

Notes
Turn   | Place    | Note
-------+----------+-------------------------------------------
     0 | D:1      | Esekla the Deep Elf Wanderer began the quest for the Orb.
     0 | D:1      | Esekla set off with the following items: a +0 club, a
                  | potion of lignification, a +0 robe, a +0 buckler; and the
                  | following spells available to memorise: Apportation, Blink,
                  | Lesser Beckoning, Magic Dart, Ignite Poison, Vampiric
                  | Draining.
     0 | D:1      | Reached XP level 1. HP: 10/10 MP: 7/7
     2 | D:1      | Learned a level 1 spell: Magic Dart
     4 | D:1      | Learned a level 1 spell: Apportation
   256 | D:2      | Found Renulab's Jewellery Shop.
   525 | D:4      | Found a radiant altar of Vehumet.
   529 | D:4      | Became a worshipper of Vehumet
   541 | D:4      | Found an iron altar of Okawaru.
   552 | D:4      | Found a glowing silver altar of Zin.
   704 | D:4      | Found Ponaysk's Antique Weapon Boutique.
   886 | D:3      | Reached XP level 2. HP: 10/15 MP: 9/9
  1055 | D:2      | Learned a level 2 spell: Blink
  1156 | D:2      | Noticed a black bear
  1184 | D:1      | Reached skill level 5 in Spellcasting
  1458 | D:1      | Reached XP level 3. HP: 9/19 MP: 3/11
  1462 | D:1      | Learned a level 3 spell: Teleport Other
  1466 | D:1      | Learned a level 3 spell: Vampiric Draining
  2001 | D:2      | Reached skill level 1 in Necromancy
  2148 | D:2      | Reached * piety under Vehumet
  2148 | D:2      | Offered knowledge of Kiss of Death by Vehumet.
  2149 | D:2      | Reached XP level 4. HP: 17/24 MP: 3/13
  2169 | D:2      | Found a faded altar of an unknown god.
  2463 | D:3      | Found a stormy altar of Qazlal.
  2501 | D:3      | Reached skill level 1 in Dodging
  2501 | D:3      | Reached skill level 6 in Spellcasting
  2501 | D:3      | Reached skill level 1 in Conjurations
  2501 | D:3      | Reached XP level 5. HP: 26/28 MP: 10/15
  2506 | D:3      | Found a bloodstained altar of Trog.
  2508 | D:3      | Found a hazy altar of Hepliaklqana.
  2812 | D:3      | Identified the +5 rapier of the Hero {heavy, rN+ Dex+3}
  2969 | D:5      | Entered Level 5 of the Dungeon
  2973 | D:5      | Got the Parchment of the Lumpy Olives
  2992 | D:5      | Found a shadowy altar of Dithmenos.
  3126 | D:5      | Reached skill level 1 in Short Blades
  3155 | D:5      | Reached skill level 1 in Throwing
  3155 | D:5      | Reached XP level 6. HP: 24/32 MP: 12/17
  3388 | D:6      | Noticed an ice beast
  3739 | D:4      | Found a glowing golden altar of the Shining One.
  3987 | D:5      | Reached skill level 7 in Spellcasting
  3997 | D:5      | Reached XP level 7. HP: 35/36 MP: 11/19
  4290 | D:5      | You fall into a shaft and drop 3 floors!
  4295 | D:8      | Found a transporter.
  4295 | D:8      | Found a transporter.
  4296 | D:8      | Found a transporter.
  4406 | D:8      | Found a transporter.
  4460 | D:8      | Noticed a two-headed ogre
  4531 | D:8      | Learned a level 3 spell: Ignite Poison
  4568 | D:8      | Killed a two-headed ogre
  4569 | D:8      | Reached skill level 8 in Spellcasting
  4569 | D:8      | Reached skill level 1 in Transmutations
  4569 | D:8      | Reached skill level 1 in Fire Magic
  4569 | D:8      | Reached skill level 1 in Poison Magic
  4569 | D:8      | Reached XP level 8. HP: 41/41 MP: 22/22
  4662 | D:8      | Offered knowledge of Searing Ray by Vehumet.
  4664 | D:8      | Reached ** piety under Vehumet
  4710 | D:8      | Learned a level 2 spell: Searing Ray
  4725 | D:8      | Found a hide-covered altar of Uskayaw.
  4929 | D:8      | Reached skill level 9 in Spellcasting
  5109 | D:8      | Offered knowledge of Inner Flame by Vehumet.
  5411 | D:8      | Reached *** piety under Vehumet
  5778 | D:7      | Noticed Menkaure
  5782 | D:7      | Killed Menkaure
  5783 | D:7      | Reached skill level 5 in Necromancy
  5783 | D:7      | Reached XP level 9. HP: 45/45 MP: 24/24
  5866 | D:7      | Found a runed translucent door.
  5867 | D:7      | Noticed Crazy Yiuf
  5873 | D:7      | Killed Crazy Yiuf
  5982 | D:6      | Noticed Pikel
  6002 | D:6      | Killed Pikel
  6003 | D:6      | Reached skill level 5 in Dodging
  6003 | D:6      | Reached skill level 10 in Spellcasting
  6032 | D:6      | Offered knowledge of Fulminant Prism by Vehumet.
  6207 | D:5      | Learned a level 4 spell: Fulminant Prism
  6316 | D:6      | Found a blossoming altar of Fedhas.
  6581 | D:6      | Found a staircase to the Ecumenical Temple.
  6774 | D:6      | Reached skill level 1 in Hexes
  6809 | D:6      | Noticed Blork the orc
  6823 | D:6      | Killed Blork the orc
  6983 | D:6      | Reached **** piety under Vehumet
  7198 | D:7      | Noticed Joseph
  7223 | D:7      | Killed Joseph
  7224 | D:7      | Reached skill level 11 in Spellcasting
  7224 | D:7      | Reached XP level 10. HP: 47/50 MP: 18/27
  7419 | D:7      | Reached skill level 5 in Conjurations
  7682 | D:9      | Noticed a two-headed ogre
  7688 | D:9      | Killed a two-headed ogre
  7745 | D:9      | Found a flagged portal.
  7769 | Bailey   | Entered a bailey
  7832 | Bailey   | Offered knowledge of Olgreb's Toxic Radiance by Vehumet.
  7868 | Bailey   | Learned a level 4 spell: Olgreb's Toxic Radiance
  7929 | Bailey   | Identified the +2 bardiche of Puhoisos {heavy, rElec
                  | Stlth+}
  8094 | Bailey   | Noticed an orc knight
  8094 | Bailey   | Noticed an orc knight
  8154 | Bailey   | Killed an orc knight
  8155 | Bailey   | Reached skill level 12 in Spellcasting
  8271 | Bailey   | Killed an orc knight
  8399 | D:9      | Noticed Harold
  8454 | D:9      | Found a sparkling altar of Nemelex Xobeh.
  8510 | D:9      | Reached skill level 1 in Fighting
  8591 | D:9      | Noticed a cyclops
  8595 | D:9      | Killed a cyclops
  8629 | D:9      | Reached XP level 11. HP: 54/56 MP: 26/29
  8666 | D:9      | Reached ***** piety under Vehumet
  8825 | D:9      | Reached skill level 13 in Spellcasting
  8831 | D:9      | Killed Harold
  8831 | D:9      | Offered knowledge of Iskenderun's Battlesphere by Vehumet.
  9042 | D:10     | Entered Level 10 of the Dungeon
  9166 | D:10     | Reached skill level 5 in Hexes
  9187 | D:10     | Reached skill level 5 in Poison Magic
  9507 | D:10     | Found a sacrificial altar of Ru.
  9652 | D:10     | Found a staircase to the Orcish Mines.
  9902 | Orc:1    | Entered Level 1 of the Orcish Mines
  9907 | Orc:1    | Reached skill level 14 in Spellcasting
 10103 | D:2      | Bought the ring of the Mage {Wiz Archmagi} for 714 gold
                  | pieces
 10103 | D:2      | Found the ring of the Mage {Wiz Archmagi}
 10310 | Orc:1    | Noticed an orc knight
 10318 | Orc:1    | Killed an orc knight
 10438 | Orc:2    | Entered Level 2 of the Orcish Mines
 10724 | Orc:2    | Noticed an orc knight
 10729 | Orc:2    | Killed an orc knight
 10730 | Orc:2    | Noticed an orc warlord
 10795 | Orc:1    | Noticed an orc warlord
 10801 | Orc:1    | Reached skill level 15 in Spellcasting
 10805 | Orc:1    | Killed an orc warlord
 10806 | Orc:1    | Reached XP level 12. HP: 60/66 MP: 33/33
 10807 | Orc:1    | Offered knowledge of Airstrike by Vehumet.
 10818 | Orc:1    | Learned a level 4 spell: Airstrike
 11223 | D:11     | Found Fagafuf's Pet Rocks.
 11361 | D:11     | Found a staircase to the Lair.
 11527 | D:11     | Reached skill level 1 in Air Magic
 11625 | D:11     | Got Simple Magic
 11926 | D:11     | Offered knowledge of Eringya's Noxious Bog by Vehumet.
 11941 | D:11     | Noticed Psyche
 11941 | D:11     | Noticed Lodul
 11943 | D:11     | Noticed a two-headed ogre
 11945 | D:11     | Killed Lodul
 11945 | D:11     | Killed Psyche
 11946 | D:11     | Reached skill level 5 in Fighting
 11946 | D:11     | Reached skill level 16 in Spellcasting
 11948 | D:11     | Killed a two-headed ogre
 12237 | D:2      | Bought the ring of Greed {rElec rPois rN+ AC+4 Str-2} for
                  | 758 gold pieces
 12412 | Lair:1   | Entered Level 1 of the Lair of Beasts
 12481 | D:12     | Learned a level 2 spell: Wereblood
 12640 | D:12     | Reached skill level 1 in Earth Magic
 12652 | D:12     | Found a portal to a secret trove of treasure.
 12750 | D:12     | Learned a level 3 spell: Mephitic Cloud
 12753 | D:12     | Learned a level 2 spell: Poisonous Vapours
 12759 | D:12     | Learned a level 5 spell: Freezing Cloud
 13228 | Lair:1   | Reached skill level 1 in Ice Magic
 13459 | Lair:1   | Reached skill level 5 in Translocations
 13617 | Lair:1   | Reached XP level 13. HP: 73/73 MP: 35/35
 14140 | Orc:2    | Found Roezostra's General Store.
 14143 | Orc:2    | Found Bamnuus's General Store.
 14246 | Orc:2    | Killed an orc warlord
 14247 | Orc:2    | Reached skill level 10 in Necromancy
 14315 | Orc:2    | Found a staircase to the Elven Halls.
 14374 | Orc:2    | Noticed Azrael
 14590 | Orc:2    | Reached skill level 17 in Spellcasting
 14846 | Orc:2    | Killed Azrael
 14847 | Orc:2    | Reached skill level 1 in Long Blades
 14997 | Orc:2    | Offered knowledge of Lee's Rapid Deconstruction by Vehumet.
 15008 | Orc:2    | Learned a level 5 spell: Lee's Rapid Deconstruction
 15028 | Orc:2    | Reached skill level 5 in Fire Magic
 15034 | Orc:2    | Learned a level 5 spell: Fireball
 15206 | Orc:2    | Found Huzal's Antique Armour Boutique.
 15206 | Orc:2    | Found Jyohez's Book Shop.
 15207 | Orc:2    | Found a one-way gate leading to the halls of Pandemonium.
 15214 | Orc:2    | Reached skill level 18 in Spellcasting
 15214 | Orc:2    | Bought a runed helmet for 270 gold pieces
 16297 | Lair:2   | Found a transporter.
 16297 | Lair:2   | Found a transporter.
 16312 | Lair:2   | Reached skill level 10 in Dodging
 16319 | Lair:2   | Reached XP level 14. HP: 76/82 MP: 17/38
 16393 | Lair:2   | Found a staircase to the Shoals.
 16560 | Lair:3   | Found a hole to the Spider Nest.
 16668 | Lair:3   | Identified the +3 leather armour of Okawaru's Inspiration
                  | {Str+4}
 16719 | Lair:3   | Reached skill level 5 in Transmutations
 16736 | Lair:3   | You fall into a shaft and drop 2 floors!
 16736 | Lair:5   | Entered Level 5 of the Lair of Beasts
 16977 | Lair:3   | Reached skill level 5 in Air Magic
 17029 | Lair:3   | Reached ****** piety under Vehumet
 17029 | Lair:3   | Offered knowledge of Orb of Destruction by Vehumet.
 17051 | Lair:3   | Learned a level 7 spell: Orb of Destruction
 17849 | Lair:4   | Noticed Rupert
 17875 | Lair:4   | Paralysed by Rupert for 3 turns
 17879 | Lair:4   | Killed Rupert
 18188 | Lair:5   | Reached skill level 19 in Spellcasting
 18642 | Lair:5   | Found a viscous altar of Jiyva.
 18643 | Lair:5   | Found a staircase to the Slime Pits.
 18671 | Lair:5   | Found a runed translucent door.
 18845 | Lair:5   | Reached skill level 20 in Spellcasting
 19137 | Lair:5   | Learned a level 4 spell: Sticky Flame
 19215 | Lair:5   | Got Utragud's Papyrus of the Inquisitive Olives
 19222 | Lair:5   | Offered knowledge of Irradiate by Vehumet.
 19465 | Lair:5   | Reached XP level 15. HP: 61/88 MP: 38/41
 19889 | Elf:1    | Entered Level 1 of the Elven Halls
 19906 | Elf:1    | Reached skill level 5 in Earth Magic
 20054 | Elf:1    | Noticed a deep elf sorcerer
 20056 | Elf:1    | Killed a deep elf sorcerer
 20695 | Elf:1    | Learned a level 5 spell: Irradiate
 21129 | Spider:1 | Entered Level 1 of the Spider Nest
 21174 | Spider:1 | Identified the +1 pair of boots of Piysunuo {Str+3}
 21361 | Spider:1 | Reached skill level 21 in Spellcasting
 21845 | Orc:2    | Bought a scroll of enchant armour for 112 gold pieces
 22292 | Spider:2 | Offered knowledge of Maxwell's Capacitive Coupling by
                  | Vehumet.
 22475 | Spider:2 | Learned a level 3 spell: Frozen Ramparts
 22803 | Spider:2 | Acquired a book of Winter
 22804 | Spider:2 | Acquired the Commentary on Weathered Spellbinding
 22805 | Spider:2 | Acquired the Octavo of the Salvo
 23063 | D:2      | Bought a ring of see invisible for 210 gold pieces
 23388 | Spider:3 | Noticed an emperor scorpion
 23486 | Spider:3 | Learned a level 3 spell: Ozocubu's Armour
 23696 | Spider:3 | Reached XP level 16. HP: 96/96 MP: 43/43
 24736 | Spider:4 | Entered Level 4 of the Spider Nest
 24736 | Spider:4 | Noticed Mara
 24741 | Spider:4 | Noticed Esekla's illusion
 25006 | Spider:4 | Noticed Esekla's illusion
 25256 | Spider:4 | Noticed Esekla's illusion
 25263 | Spider:4 | Killed Mara
 25264 | Spider:4 | Reached skill level 22 in Spellcasting
 25371 | Spider:4 | Offered knowledge of Shatter by Vehumet.
 25371 | Spider:4 | Offered knowledge of Polar Vortex by Vehumet.
 26296 | Spider:4 | Reached skill level 5 in Ice Magic
 26439 | Spider:4 | Got a gossamer rune of Zot
 26890 | Shoals:1 | Entered Level 1 of the Shoals
 26895 | Shoals:1 | Reached skill level 10 in Fighting
 27235 | Shoals:1 | Reached skill level 1 in Armour
 27666 | Shoals:1 | Reached skill level 23 in Spellcasting
 27949 | Shoals:2 | Reached XP level 17. HP: 99/103 MP: 17/46
 28370 | Shoals:2 | Found Biskeott's Firing Range.
 28979 | Shoals:3 | Noticed a kraken
 28984 | Shoals:3 | Killed a kraken
 29209 | Shoals:3 | Noticed Ilsuiw
 29223 | Shoals:3 | Killed Ilsuiw
 29660 | Shoals:3 | Found Zemonaik's Distillery.
 29671 | Shoals:3 | Bought a potion of heal wounds for 75 gold pieces
 29671 | Shoals:3 | Bought a potion of heal wounds for 75 gold pieces
 29671 | Shoals:3 | Bought 2 potions of heal wounds for 150 gold pieces
 30086 | Shoals:2 | Identified the +1 animal skin "Kougi" {rPois rF++ MP+9}
 30122 | Shoals:4 | Entered Level 4 of the Shoals
 30180 | Shoals:4 | Reached skill level 24 in Spellcasting
 30691 | Shoals:4 | Identified the +1 ring mail "Uronn" {rF+ Regen+ Int+3}
 30988 | Shoals:4 | Reached XP level 18. HP: 105/110 MP: 24/48
 31330 | Shoals:4 | Identified the ring "Pileq" {Ice Str+4 Dex+3 Slay+2}
 31364 | Shoals:4 | Got Cuuv Rytt's Atlas of Hot Beguiling
 31391 | Shoals:4 | Got a barnacled rune of Zot
 32621 | D:13     | Found a gate to the Vaults.
 32630 | D:13     | Reached skill level 25 in Spellcasting
 32826 | Vaults:1 | Entered Level 1 of the Vaults
 33020 | Vaults:1 | Paralysed by a great orb of eyes for 3 turns
 33096 | Vaults:1 | Identified the +9 arbalest of Xom's Indignation {penet,
                  | Dex+4 Stlth+}
 33173 | Vaults:1 | Found Emogyl Osee's Armour Boutique.
 34266 | Vaults:2 | Learned a level 4 spell: Dispel Undead
 34311 | Vaults:2 | Found a staircase to the Crypt.
 34339 | Vaults:2 | Found a flickering gateway to a bazaar.
 34364 | Bazaar   | Entered a bazaar
 34402 | Bazaar   | Found Huts's Armour Emporium.
 34402 | Bazaar   | Found Fuoqy's Distillery.
 34423 | Bazaar   | Found Luehida's Magic Scroll Shoppe.
 34439 | Bazaar   | Found Subykus's Antique Weapon Emporium.
 34439 | Bazaar   | Found Zefiutze's Weapon Shoppe.
 34460 | Bazaar   | Found Gopir's Armour Shoppe.
 34532 | Bazaar   | Bought a potion of curing for 21 gold pieces
 34532 | Bazaar   | Bought a potion of mutation for 56 gold pieces
 34538 | Bazaar   | Bought a +1 cloak of stealth for 181 gold pieces
 34562 | Bazaar   | Bought a scroll of blinking for 82 gold pieces
 34576 | Bazaar   | Bought the +8 Vampire's Tooth {megavamp} for 540 gold
                  | pieces
 34576 | Bazaar   | Found the +8 Vampire's Tooth {megavamp}
 34582 | Bazaar   | Bought a glowing long sword for 175 gold pieces
 34597 | Bazaar   | Bought the +0 mask of the Dragon {Will+ Slay+3 SInv} for
                  | 367 gold pieces
 34597 | Bazaar   | Found the +0 mask of the Dragon {Will+ Slay+3 SInv}
 34655 | Vaults:2 | Killed from afar by an ironbound thunderhulk

Illustrated notes

Levels and vault maps discovered:
D:1:      sevenhm_arrival_forest_fort_small_3, layout_rooms,
          chequers_serial_rivers_room_b, minmay_misc_feat_five
D:2:      layout_loops_ring, dreamdust_ecumenical_altar_angels_and_demons,
          serial_shops, shop
D:3:      layout_basic, grunt_temple_overflow_open, minmay_misc_feat_iff
D:4:      layout_basic, nicolae_overflow_quartered_altars, serial_shops,
          nicolae_diamond_shop
D:5:      layout_loops_ring, lemuel_doored_altar, minmay_misc_feat_rows,
          dreamdust_wishing_well
D:6:      layout_loops_cross, fedhas_altar_fruit_tree,
          minmay_temple_entry_glass, uniq_pikel, uniq_blork_the_orc
D:7:      layout_basic, uniq_menkaure, uniq_joseph, uniq_crazy_yiuf_cottage
D:8:      layout_basic, nicolae_uskayaw_dance_hall, serial_demonic,
          serial_demonic_d, serial_demonic_a, serial_demonic_c,
          serial_demonic_c, nicolae_diode_quadrants
D:9:      layout_irregular_city, kennysheep_little_box, enter_bailey_4,
          minmay_between, uniq_harold
D:10:     layout_basic, nicolae_ru_awakened_eye
D:11:     layout_rooms, hellmonk_lair_entry_icy, serial_ice, serial_ice_j,
          serial_ice_m, serial_ice_o, serial_ice_c, serial_ice_g, serial_ice_f,
          guppyfry_shop_earth, uniq_psyche, uniq_lodul
D:12:     layout_roguey, nicolae_trove_entry_crossroad
D:13:     layout_loops_ring, lightli_vaults_fourway_checkpoint
Lair:1:   layout_small_grid
Lair:2:   gammafunk_boulding_lane, layout_small_grid, elwin_shoals_entry_rooms
Lair:3:   kb_forest_paths, layout_chaotic_city, spider_nest_entry_rubble
Lair:4:   layout_hall_layers, grunt_megastairs_3, lemuel_fruit_fields,
          uniq_rupert
Lair:5:   guppyfry_lair_end_dragon, layout_misc_corridors, wormcave,
          dpeg_slime_entry_enclosed
Shoals:1: layout_shoals, nicolae_shoals_nautilus_by_nature
Shoals:2: argonaut_golden_fleece, layout_shoals, nicolae_shop_firing_range
Shoals:3: layout_shoals, serial_shops, shop, nicolae_shoals_lost_giant_hut,
          uniq_ilsuiw
Shoals:4: shoals_end_hellmonk_lost_city, serial_shops
Spider:1: layout_spider_delve, nicolae_spider_some_kinda_spiderbox
Spider:2: layout_spider_delve, nicolae_spider_twisty_arc_passages
Spider:3: layout_chambers, nicolae_orb_stairs
Spider:4: grunt_spider_rune_circles, guppyfry_hornet_nest, uniq_mara
Orc:1:    layout_caves
Orc:2:    pf_orc_diabolical, layout_diamond_mine, uniq_azrael
Elf:1:    minmay_elf_arrival_plus, layout_loops_cross,
          kennysheep_underground_church
Vaults:1: vaults_dpeg_emergency_exit, nicolae_vaults_ellipses_ellipsis,
          nicolae_vaults_variable_pillar_hall, v_misc_22, v_misc_33,
          nicolae_vaults_closet_pinwheel_3, v_alt_pattern_4, v_alt_pattern_4,
          nicolae_vaults_tetromino_Z_2, nicolae_vaults_taking_the_gang_shopping,
          nicolae_vaults_spaceships, v_misc_33, nicolae_vaults_shelves_hall,
          nicolae_vaults_trapezoid_lopsided_1, nicolae_vaults_little_ls,
          layout_vaults_ring
Vaults:2: ontoclasm_vaults_bender, nicolae_vaults_storage_closets_1, v_misc_9,
          vaults_room_pools, nicolae_vaults_more_shelving_2, v_misc_14,
          vaults_standard_mumra_lines, hangedman_vaults_stream,
          nicolae_vaults_windows_and_doors_thing,
          minmay_crypt_entry_simple_corners, nicolae_vaults_stand_back,
          vaults_dpeg_diagonal, nicolae_vaults_little_squares_5,
          layout_vaults_omnibox, serial_shops, bzr_entry_gold

Skill      XL: |  1  2  3  4  5  6  7  8  9 10 11 12 13 14 15 16 17 18 |
---------------+-------------------------------------------------------+-----
Spellcasting   | 5 6 7 8 9 11 12 15 16 18 20 21 23 24 25 | 25.9
Necromancy     | 2 3 4 5 6 7 8 9 10 | 10.7
Dodging        | 1 2 4 5 6 7 9 10 11 12 13 14 | 14.3
Conjurations   | 1 2 4 5 6 8 9 |  9.3
Short Blades   | 1 2 3 |  3.9
Translocations | 3 4 5 6 |  6.0
Throwing       | 1 2 |  2.5
Shields        | 2 3 |  3.2
Transmutations | 1 3 4 5 6 7 |  7.4
Fire Magic     | 1 2 3 4 5 6 7 |  7.5
Poison Magic   | 1 3 4 6 7 8 |  8.0
Stealth        | 2 3 4 |  4.1
Hexes          | 2 4 5 |  5.3
Fighting       | 1 4 5 7 8 9 10 11 | 11.7
Air Magic      | 3 4 5 6 7 8 9 |  9.0
Earth Magic    | 1 2 4 6 7 8 9 |  9.6
Ice Magic      | 1 3 4 5 6 |  6.0
Long Blades    | 1 2 |  2.7
Armour         | 1 3 4 |  4.5
Invocations    | |  1.1

Action                     |  1- 3 |  4- 6 |  7- 9 | 10-12 | 13-15 | 16-18 || total
---------------------------+-------+-------+-------+-------+-------+-------++-------
  Melee: Short sword       |    76 |    55 |       |       |       |       ||   131
         Rapier            |       |    29 |    50 |    64 |    51 |    27 ||   221
         Dagger            |       |    19 |    60 |       |       |       ||    79
         Scimitar          |       |       |       |    41 |    10 |   103 ||   154
         Demon blade       |       |       |       |       |       |     3 ||     3
  Throw: Dart              |       |    16 |    30 |     8 |       |       ||    54
         Boomerang         |       |       |     1 |       |     5 |    24 ||    30
         Javelin           |       |       |       |       |       |     1 ||     1
   Cast: Apportation       |    37 |    27 |    38 |    43 |    69 |    69 ||   283
         Magic Dart        |    56 |    33 |    35 |    17 |       |       ||   141
         Vampiric Draining |     2 |    21 |    47 |    45 |    17 |    57 ||   189
         Blink             |       |     3 |     3 |     8 |    16 |     9 ||    39
         Ignite Poison     |       |       |     9 |    59 |   159 |   182 ||   409
         Searing Ray       |       |       |    24 |    53 |    16 |    10 ||   103
         Fulminant Prism   |       |       |     3 |     8 |       |       ||    11
         Teleport Other    |       |       |     1 |    10 |       |       ||    11
         Olgreb's Toxic Ra |       |       |       |    76 |    58 |    51 ||   185
         Airstrike         |       |       |       |    11 |     7 |     9 ||    27
         Poisonous Vapours |       |       |       |     4 |   180 |   246 ||   430
         Wereblood         |       |       |       |     2 |    27 |    26 ||    55
         Freezing Cloud    |       |       |       |     1 |    45 |    25 ||    71
         Mephitic Cloud    |       |       |       |       |    21 |     5 ||    26
         Fireball          |       |       |       |       |     2 |     8 ||    10
         Sticky Flame      |       |       |       |       |     4 |    54 ||    58
         Lee's Rapid Decon |       |       |       |       |    17 |    11 ||    28
         Irradiate         |       |       |       |       |     5 |    27 ||    32
         Orb of Destructio |       |       |       |       |     3 |       ||     3
         Ozocubu's Armour  |       |       |       |       |       |    59 ||    59
         Frozen Ramparts   |       |       |       |       |       |    41 ||    41
         Dispel Undead     |       |       |       |       |       |     4 ||     4
  Evoke: Wand              |     1 |       |       |     2 |       |     1 ||     4
    Use: Scroll            |     1 |       |     8 |     9 |    17 |     3 ||    38
         Potion            |       |       |     1 |     1 |     1 |    14 ||    17
   Stab: Sleeping          |     2 |     2 |     4 |     8 |     3 |     5 ||    24
 Armour: Robe              |    27 |    24 |    18 |       |       |       ||    69
         Steam dragon scal |       |       |    27 |    72 |    72 |   230 ||   401
         Ring mail         |       |       |       |       |       |   151 ||   151
  Dodge: Dodged            |    39 |    64 |   111 |   178 |   107 |   391 ||   890
  Block: Buckler           |    13 |    10 |    40 |    41 |    24 |   175 ||   303
         Reflection        |       |       |       |       |       |    13 ||    13
